 Dungeon Crawl Stone Soup version 0.31-a0-229-g1fc7ce93e2 (webtiles) character file.

Game seed: 5140658819148000744

191 qw the Shooter (level 5, -1/30 HPs)
             Began as a Gargoyle Hexslinger on July 6, 2023.
             Slain by an orc
             ... wielding a +3 heavy flail
              (11 damage)
             ... on level 4 of the Dungeon.
             The game lasted 00:01:00 (2795 turns).

qw the Shooter (Gargoyle Hexslinger)                Turns: 2795, Time: 00:01:00

Health: -1/30      AC: 10    Str: 11    XL:     5   Next: 70%
Magic:  6/6        EV: 11    Int: 14    God:
Gold:   213        SH:  0    Dex: 14    Spells: 5/6 levels left

rFire   . . .        Y - +1 sling
rCold   . . .        (no shield)
rNeg    + . .        e - +0 leather armour
rPois   inf          (no helmet)
rElec   +            (no cloak)
rCorr   .            c - +2 pair of gloves
SInv    .            (no boots)
Will    .....        (no amulet)
Stlth   +            (no ring)
HPRegen 0.25/turn    (no ring)
MPRegen 0.10/turn

%: no passive effects
@: no status effects
A: sickness immunity, AC +4, negative energy resistance 1, electricity
resistance, torment resistance 1, petrification resistance
a: no special abilities


You were on level 4 of the Dungeon.
You visited 1 branch of the dungeon, and saw 4 of its levels.

You collected 213 gold pieces.


Innate Abilities, Weirdness & Mutations

You are immune to sickness and miasma.
Your stone body is resilient. (AC +4)
You are immune to poison.
You resist negative energy. (rN+)
You are resistant to electric shocks. (rElec)
You are resistant to unholy torment.
You are immune to petrification.


   Skills:
 + Level 2.0 Fighting
 - Level 5.4 Ranged Weapons
 - Level 1.5 Dodging
 - Level 1.0 Spellcasting
 - Level 2.6 Hexes


You had 5 spell levels left.
You knew the following spells:

 Your Spells              Type           Power      Damage    Failure   Level
a - Slow                  Hex            32%        N/A       12%         1

Your spell library contained the following spells:

 Spells                   Type           Power      Damage    Failure   Level
 Inner Flame              Hex/Fire       4%         N/A       52%         3
 Portal Projectile        Hex/Tloc       8%         N/A       52%         3
 Cause Fear               Hex            4%         N/A       75%         4

Inventory:

Hand Weapons
 Y - a +1 sling (weapon)
Armour
 c - a +2 pair of gloves (worn)
 e - a +0 leather armour (worn)
 h - a +0 ring mail
Jewellery
 g - a ring of flight
Scrolls
 a - a scroll of identify
Potions
 d - 2 potions of ambrosia {unknown}
 i - a potion of curing
 k - a potion of enlightenment {unknown}
 o - a potion of mutation {unknown}

Dungeon Overview and Level Annotations

Branches:
Dungeon (4/15)
 Temple: D:4-7

Altars:
Ashenzari
Cheibriados
Xom
Yredelemnul

Shops:
D:1 *


Message History

The sling bullet hits the hobgoblin.
The hobgoblin is severely wounded.
You shoot a sling bullet.
The sling bullet closely misses the hobgoblin.
The orc priest casts a cantrip, but nothing happens.
The hobgoblin hits you but does no damage.
You shoot a sling bullet. The sling bullet hits the hobgoblin.
You kill the hobgoblin!
You shoot a sling bullet.
The sling bullet closely misses the kobold.
The kobold completely misses you.
You shoot a sling bullet. The sling bullet hits the kobold.
The kobold is severely wounded.
The kobold hits you with a +0 short sword.
An adder comes into view.
You shoot a sling bullet. The adder hisses angrily.
The sling bullet hits the kobold.
You kill the kobold!
The orc closely misses you. The orc hits you with a +0 flail.
You shoot a sling bullet.
The sling bullet hits the orc priest but does no damage.
The orc priest hits you but does no damage.
The orc hits you but does no damage. The orc hits you with a +3 heavy flail.
The orc priest hits you but does no damage.
The orc closely misses you.
You shoot a sling bullet. The sling bullet hits the orc priest!
The orc priest is heavily wounded.
The orc hits you with a +3 heavy flail.
The orc priest invokes the aid of Beogh against you.
You are unaffected.
The orc barely misses you.
You shoot a sling bullet.
The sling bullet hits the orc priest but does no damage.
The orc priest is heavily wounded.
The orc priest hits you but does no damage.
The orc hits you with a +0 flail.
You shoot a sling bullet. The sling bullet hits the orc priest.
The orc priest is almost dead.
The orc hits you with a +3 heavy flail!
You die...

... ... .. #
.. .#
########.
[.# .
......S ...#
#...#.o)#..#
......o@..#
#...#.o.###
. .......
#########


You could see an orc priest, an adder and 2 orcs.

Vanquished Creatures
  A black bear (D:4)
  An orc wizard (D:3)
  An adder (D:2)
  2 worms
  A dart slug (D:1)
  2 orcs (D:3)
  6 ball pythons
  5 endoplasms
  3 giant cockroaches
  7 goblins
  2 hobgoblins (D:4)
  4 jackals (D:1)
  3 quokkas
  4 bats
  3 frilled lizards
  10 kobolds
  6 rats
61 creatures vanquished.

Notes
Turn   | Place    | Note
-------+----------+-------------------------------------------
     0 | D:1      | qw the Gargoyle Hexslinger began the quest for the Orb.
     0 | D:1      | Reached XP level 1. HP: 12/12 MP: 2/2
     0 | D:1      | 0 ||| qw: Version: 0.3-a-46-gb1f654a
     0 | D:1      | 0 ||| qw: Game counter: 1370
     0 | D:1      | 0 ||| qw: Melee chars always use a shield: true
     0 | D:1      | 0 ||| qw: God list: Okawaru
     0 | D:1      | 0 ||| qw: Allow faded altars: false
     0 | D:1      | 0 ||| qw: Do Orc after clearing Dungeon:15 true
     0 | D:1      | 0 ||| qw: Do second Lair branch before Depths: true
     0 | D:1      | 0 ||| qw: Lair rune preference: random
     0 | D:1      | 0 ||| qw: Goals: Normal
     0 | D:1      | 0 ||| PLANNING D:1-11
   294 | D:1      | Reached XP level 2. HP: 16/16 MP: 3/3
   356 | D:1      | Reached skill level 3 in Ranged Weapons
   443 | D:1      | Found Soyverott's Assorted Antiques.
   456 | D:1      | 456 ||| SHOPLISTING 2 glowing ruby potions (54 gold, have
                  | 22).
   456 | D:1      | 456 ||| SHOPLISTING fuming white potion (27 gold, have 22).
   456 | D:1      | 456 ||| SHOPLISTING scroll labelled WIRIGHINTA (30 gold,
                  | have 22).
   456 | D:1      | 456 ||| SHOPLISTING scroll labelled ZYECIL JOYJ (30 gold,
                  | have 22).
   456 | D:1      | 456 ||| SHOPLISTING viscous black potion (27 gold, have
                  | 22).
   823 | D:1      | 823 ||| UPGRADING to +0 leather armour.
   833 | D:1      | 833 ||| DROPPING +0 robe.
   834 | D:1      | 834 ||| DROPPING scarf of shadows.
   835 | D:1      | 835 ||| READING 3 scrolls labelled ZAYNGE GAOZUT.
   836 | D:1      | 836 ||| READING scroll labelled DASUYZ QUTAKH.
   837 | D:1      | 837 ||| READING scroll labelled WIRIGHINTA.
   838 | D:1      | 838 ||| READING scroll labelled NOAFRA DABIN.
   939 | D:1      | 939 ||| READING scroll labelled TIADARU NOFUHO.
   940 | D:1      | 940 ||| READING scroll labelled ASMOSITZAECI.
   941 | D:1      | 941 ||| DRINKING 3 green potions.
   942 | D:1      | 942 ||| DROPPING 2 scrolls of revelation.
   943 | D:1      | 943 ||| DROPPING scroll of poison.
   944 | D:1      | 944 ||| DROPPING 2 potions of attraction.
   995 | D:2      | Reached XP level 3. HP: 21/21 MP: 4/4
  1645 | D:2      | 1645 ||| UPGRADING to +2 pair of gloves.
  1650 | D:2      | 1650 ||| READING scroll labelled QUXYNU SU GIA.
  1651 | D:2      | 1651 ||| READING scroll labelled VISI TUETTINAI.
  1812 | D:3      | Found a faded altar of an unknown god.
  1839 | D:3      | Found a shimmering altar of Xom.
  1897 | D:3      | Reached XP level 4. HP: 26/26 MP: 5/5
  1971 | D:3      | Reached skill level 4 in Ranged Weapons
  2150 | D:3      | Found a basalt altar of Yredelemnul.
  2157 | D:3      | Found a broken altar of Ashenzari.
  2246 | D:3      | Found a faded altar of an unknown god.
  2411 | D:3      | 2411 ||| DRINKING 2 fuming white potions.
  2441 | D:3      | 2441 ||| DRINKING 2 glowing ruby potions.
  2442 | D:3      | 2442 ||| READING 3 scrolls of identify.
  2442 | D:3      | 2442 ||| IDENTIFYING viscous black potion
  2443 | D:3      | 2443 ||| READING 2 scrolls of identify.
  2443 | D:3      | 2443 ||| IDENTIFYING metallic dark potion
  2444 | D:3      | 2444 ||| DROPPING potion of lignification.
  2445 | D:3      | 2445 ||| DROPPING potion of degeneration.
  2578 | D:4      | Noticed a black bear
  2590 | D:4      | HP: 6/26 [black bear (4)]
  2591 | D:4      | 2591 ||| READING 2 scrolls of teleportation.
  2592 | D:4      | 2592 ||| DRINKING 2 potions of heal wounds.
  2600 | D:4      | Found a snail-covered altar of Cheibriados.
  2607 | D:4      | 2607 ||| STAIRDANCE
  2781 | D:4      | HP: 6/26 [black bear (2)]
  2782 | D:4      | 2782 ||| READING scroll of teleportation.
  2783 | D:4      | 2783 ||| DRINKING potion of heal wounds.
  2785 | D:4      | Killed a black bear
  2786 | D:4      | Reached skill level 5 in Ranged Weapons
  2786 | D:4      | Reached XP level 5. HP: 22/30 MP: 6/6
  2795 | D:4      | Slain by an orc

Levels and vault maps discovered:
D:1:      mushboom_english_gardens, layout_loops_corners, serial_shops,
          nicolae_shop_crystal
D:2:      layout_loops_ring
D:3:      layout_loops_ring, nicolae_overflow_ecumenical_swirl,
          gammafunk_temple_overflow_pools, ebering_ecumenical_altar_box,
          small_statue_intersection
D:4:      layout_basic, mainiacjoe_overflow_concentric_impassable,
          mainiacjoe_overflow_paths, lemuel_coloured_pillars_altar,
          mainiacjoe_overflow_chevrons, cheibriados_altar_1,
          gammafunk_ghost_abyssal_escape, nicolae_figureground_sparkle

Skill      XL: |  1  2  3  4 |
---------------+-------------+-----
Ranged Weapons | 3 5 |  5.4
Fighting       | 2 |  2.0
Dodging        | |  1.5
Spellcasting   | |  1.0
Hexes          | |  2.6

Action                     |  1- 3 |  4- 6 || total
---------------------------+-------+-------++-------
   Fire: Sling             |   118 |   100 ||   218
    Use: Scroll            |     8 |     4 ||    12
         Potion            |     1 |     4 ||     5
 Armour: Robe              |     4 |       ||     4
         Leather armour    |     6 |    42 ||    48
  Dodge: Dodged            |    21 |    38 ||    59

Table legend:
 A = Non-vault XP
 B = Vault XP
 C = Vault XP percentage of total XP
 D = Non-vault monster count
 E = Vault monster count
 F = Vault count percentage of total count
                 A         B        C        D         E       F
            +---------+---------+-------+---------+---------+-------
      Total |     273 |       0 |   0.0 |      61 |       0 |   0.0
            +---------+---------+-------+---------+---------+-------
        D:1 |      33 |       0 |   0.0 |      18 |       0 |   0.0
        D:2 |      39 |       0 |   0.0 |      15 |       0 |   0.0
        D:3 |      67 |       0 |   0.0 |      19 |       0 |   0.0
        D:4 |     134 |       0 |   0.0 |       9 |       0 |   0.0
            +---------+---------+-------+---------+---------+-------
